 Dungeon Crawl Stone Soup version 0.22-a0-91-g23542c2 (webtiles) character file.

3287 GrunderHorse the Spear-Bearer (level 10, -3/76 HPs)
             Began as a Merfolk Gladiator on Jan 20, 2018.
             Was a Believer of the Shining One.
             Slain by a two-headed ogre
             ... wielding a +0 giant club
              (12 damage)
             ... on level 7 of the Dungeon on Jan 22, 2018.
             The game lasted 00:31:26 (8796 turns).

GrunderHorse the Spear-Bearer (Merfolk Gladiator)   Turns: 8796, Time: 00:31:26

Health: -3/76      AC: 12    Str: 18    XL:     10   Next: 1%
Magic:  10/10      EV: 11    Int:  7    God:    the Shining One [**....]
Gold:   304        SH:  0    Dex: 16    Spells: 9/9 levels left

rFire    + . .     SeeInvis .   O - +0 trident
rCold    . . .     Gourm    .   (no shield)
rNeg     + . .     Faith    .   t - +0 chain mail
rPois    .         Spirit   .   c - +0 helmet
rElec    .         Reflect  .   (no cloak)
rCorr    +         Harm     .   I - +0 pair of gloves
MR       .....                  (no boots)
Stlth    ..........             (no amulet)
HPRegen  0.22/turn              D - ring of resist corrosion
MPRegen  0.12/turn              K - ring of protection from fire

@: glowing
A: change form in water, swift swim, stealthy swim
a: Divine Shield, Renounce Religion


You were on level 7 of the Dungeon.
You worshipped the Shining One.
The Shining One was pleased with you.
You were not hungry.

You visited 1 branch of the dungeon, and saw 8 of its levels.

You collected 304 gold pieces.

Inventory:

Hand Weapons
 a - a +0 trident
 h - a +1 whip of electrocution
 C - the +9 whip of Destruction {flame, rElec rF- MR+ Str+3, unknown}
   (You took it off an orc on level 5 of the Dungeon)

   It has been specially enchanted to burn those struck by it, causing extra
   injury to most foes and up to half again as much damage against particularly
   susceptible opponents.
   It affects your strength (+3).
   It makes you vulnerable to fire.
   It insulates you from electricity.
   It affects your resistance to hostile enchantments.
 E - the +4 hand axe of Optimality {drain, rC+ rN+, unknown}
   (You took it off Dowan on level 5 of the Dungeon)

   A truly terrible weapon, it drains the life of those it strikes.
   It protects you from cold.
   It protects you from negative energy.
   The Shining One disapproves of the use of such an item.
 G - a +4 quarterstaff of chaos
 O - a +0 trident (weapon)
Missiles
 d - 3 throwing nets
 e - 5 large rocks
 f - 5 silver tomahawks (quivered)
 g - 176 stones
 q - 3 tomahawks
 w - 94 poisoned needles
 H - 7 needles of sleeping
Armour
 c - a +0 helmet (worn)
 t - a +0 chain mail (worn)
 I - a +0 pair of gloves (worn)
Jewellery
 D - a ring of resist corrosion (left hand)
 K - a ring of protection from fire (right hand)
 L - an uncursed ring of protection from magic {unknown}
Wands
 z - a wand of flame (20)
 J - a wand of paralysis (9)
Scrolls
 b - 2 scrolls of fear
 i - 3 scrolls of enchant weapon
 m - a scroll of enchant armour {unknown}
 n - 2 scrolls of remove curse
 o - 3 scrolls of teleportation
 u - 4 scrolls of amnesia {unknown}
 y - a scroll of fog
 B - 2 scrolls of magic mapping {unknown}
Potions
 j - a potion of curing
 k - a potion of agility
 l - a potion of haste
 r - a potion of brilliance
 s - a potion of might
 v - a potion of degeneration
 x - 2 potions of flight
 F - 2 potions of heal wounds
 M - a potion of magic {unknown}
Comestibles
 p - 2 chunks of flesh
 A - 4 rations


   Skills:
 + Level 6.2 Fighting
 * Level 13.7 Polearms
 * Level 3.1 Throwing
 - Level 4.8 Armour
 * Level 6.4 Dodging
 + Level 1.3 Stealth


You had 9 spell levels left.
You didn't know any spells.

Dungeon Overview and Level Annotations

Branches:
Dungeon (8/15)             Temple (0/1) D:5
   Lair: D:8-11

Altars:
Ashenzari
Fedhas
Makhleb
Ru
Zin
The Shining One

Shops:
D:7 :


Message History

You puncture the two-headed ogre!
The two-headed ogre is lightly wounded.
You hit the two-headed ogre.
The two-headed ogre is moderately wounded.
The two-headed ogre hits you with a giant club!!
The two-headed ogre hits you but does no damage.
As you read the scroll of fog, it crumbles to dust.
The scroll dissolves into smoke.
The two-headed ogre closely misses you.
The two-headed ogre hits you with a giant spiked club.
There is a stone staircase leading up here.
The two-headed ogre hits you with a giant club!
* * * LOW HITPOINT WARNING * * *
The two-headed ogre misses you.
You climb upwards.
There is a stone staircase leading down here.
The two-headed ogre hits you with a giant club!
* * * LOW HITPOINT WARNING * * *
The two-headed ogre hits you with a giant spiked club!
You die...

##.#.# #.####.##.###.# ### #.#.#
##>#...#.....).# #..
#.#.###.#..##.###.#### #.#
#.#.##.###.##.##...# ##.#
#.#...## ##...##...##########...
##.####.###.##........##........#
#..#####....##............#####.#
.........#..##........##.......).
#.######........@...####.########
#.## ####.##.O#...# ##.## #
...########.##..#######...# #
#...........##..>.......#.# ##
##############.########...# #.
#..........##..# ##### #.
#.#............# #.
#.#)#########..# #.
#.#...#...#...## #.


You could see a two-headed ogre.

Vanquished Creatures
  Pikel (D:8)
  The ghost of senyk the Chopper, a novice FoFi (D:4)
  Prince Ribbit (D:6)
  A hippogriff (D:7)
  Duvessa (D:5)
  2 ice beasts
  A necrophage (D:7)
  2 ogres
  A centaur (D:7)
  A crocodile (D:7)
  A bullfrog (D:8)
  Dowan (D:5)
  2 scorpions
  4 killer bees (D:7)
  2 howler monkeys
  2 crimson imps
  7 hounds
  A jelly (D:8)
  2 bullfrog zombies
  4 orc priests
  An iguana (D:6)
  9 orc wizards
  Crazy Yiuf (D:5)
  2 worker ants (D:4)
  12 adders
  A shadow imp (D:6)
  2 worms
  6 leopard geckos
  31 orcs
  A ball python (D:3)
  7 bats
  7 giant cockroaches
  A goblin (D:3)
  3 hobgoblins
  4 jackals (D:5)
  7 quokkas
  5 frilled lizards
  3 kobolds
  A quokka skeleton (D:5)
  2 quokka zombies (D:7)
  12 rats
156 creatures vanquished.

Vanquished Creatures (others)
  3 slaves (D:8)
  A big kobold (D:8)
  A bullfrog (D:8)
  A crimson imp (D:8)
  A hound (D:8)
  An adder (D:8)
  A shadow imp (D:8)
  2 orcs (D:8)
  2 kobolds (D:8)
13 creatures vanquished.

Grand Total: 169 creatures vanquished

Notes
Turn   | Place    | Note
-------+----------+-------------------------------------------
     0 | D:1      | GrunderHorse the Merfolk Gladiator began the quest for the Orb.
     0 | D:1      | Reached XP level 1. HP: 16/16 MP: 1/1
   268 | D:1      | Reached XP level 2. HP: 22/22 MP: 2/2
   542 | D:1      | Found a glowing golden altar of the Shining One.
   549 | D:1      | Became a worshipper of the Shining One
  1159 | D:2      | Found a glowing silver altar of Zin.
  1196 | D:2      | Reached skill level 5 in Polearms
  1260 | D:2      | Reached XP level 3. HP: 21/28 MP: 3/3
  2048 | D:3      | Reached skill level 1 in Armour
  2048 | D:3      | Reached XP level 4. HP: 9/34 MP: 4/4
  2460 | D:3      | Found a faded altar of an unknown god.
  2502 | D:3      | Reached skill level 6 in Polearms
  2502 | D:3      | Reached XP level 5. HP: 37/39 MP: 5/5
  2686 | D:3      | Reached skill level 5 in Dodging
  2758 | D:3      | Reached skill level 1 in Stealth
  3052 | D:4      | Found a shattered altar of Ashenzari.
  3052 | D:4      | Found a sacrificial altar of Ru.
  3123 | D:4      | Reached * piety under the Shining One
  3132 | D:4      | Reached XP level 6. HP: 45/47 MP: 6/6
  3238 | D:4      | Noticed senyk's ghost (novice FoFi)
  3241 | D:4      | Reached skill level 7 in Polearms
  3257 | D:4      | Killed senyk's ghost
  3257 | D:4      | Reached skill level 8 in Polearms
  3257 | D:4      | Reached XP level 7. HP: 45/53 MP: 7/7
  3624 | D:4      | Found a blossoming altar of Fedhas.
  3910 | D:5      | Entered Level 5 of the Dungeon
  4015 | D:5      | Found a staircase to the Ecumenical Temple.
  4023 | D:5      | Reached skill level 9 in Polearms
  4224 | D:5      | Reached XP level 8. HP: 61/61 MP: 8/8
  4430 | D:5      | Found a runed door.
  4666 | D:5      | Got a translucent whip {flame}
  4873 | D:5      | Noticed Dowan
  4892 | D:5      | Killed Dowan
  4892 | D:5      | Reached skill level 10 in Polearms
  4895 | D:5      | Got an ichor-stained hand axe {drain}
  4898 | D:5      | Noticed Duvessa
  4917 | D:5      | Killed Duvessa
  5583 | D:5      | Noticed Crazy Yiuf
  5586 | D:5      | Killed Crazy Yiuf
  5702 | D:6      | Noticed Prince Ribbit
  5712 | D:6      | Killed Prince Ribbit
  5932 | D:6      | Found a burning altar of Makhleb.
  5981 | D:6      | Reached skill level 5 in Fighting
  6114 | D:6      | Reached skill level 11 in Polearms
  6204 | D:6      | Reached XP level 9. HP: 63/68 MP: 9/9
  6339 | D:6      | Upgraded the game from 0.22-a0-86-g94e0ad4 to 0.22-a0-91-g23542c2
  7031 | D:7      | Reached ** piety under the Shining One
  7456 | D:7      | Reached skill level 12 in Polearms
  7622 | D:7      | Found Ceewo's Book Shoppe.
  8235 | D:8      | Noticed Pikel
  8463 | D:8      | Noticed a two-headed ogre
  8468 | D:8      | Reached skill level 13 in Polearms
  8507 | D:8      | Killed Pikel
  8714 | D:8      | Reached XP level 10. HP: 76/76 MP: 10/10
  8767 | D:8      | Noticed a two-headed ogre
  8796 | D:7      | Slain by a two-headed ogre

Vault maps used:
D:1:      sevenhm_arrival_forest_fort_small_6, minmay_crystal_room, hex_large,
          tso_altar
D:2:      old_standard_altar, first_ration
D:3:      serial_curves, eino_curves_01, eino_curves_02, eino_curves_02,
          chequers_ecumenical_altar_twisty
D:4:      gammafunk_temple_overflow_elements, serial_glass, glass_columns_c,
          glass_columns_b, glass_columns_c, glass_columns_a, st_stairs_13,
          fedhas_altar_1
D:5:      minmay_temple_entry_glassed_door, gup_sewer_entry_bubbles,
          corner_web_ring, uniq_crazy_yiuf_cottage, uniq_duvessa
D:6:      kennysheep_mini_moat, uniq_prince_ribbit1
D:7:      serial_shops, shop, enter_ossuary_4, minivault_27
D:8:      uniq_pikel, uniq_psyche

Skill      XL: |  1  2  3  4  5  6  7  8  9 |
---------------+----------------------------+-----
Polearms       | 5 6 8 9 11 13 | 13.7
Armour         | 1 2 4 |  4.8
Dodging        | 5 6 |  6.4
Stealth        | 1 |  1.3
Fighting       | 3 4 5 6 |  6.2
Throwing       | 3 |  3.1

Action                   |  1- 3 |  4- 6 |  7- 9 | 10-12 || total
-------------------------+-------+-------+-------+-------++-------
Melee: Trident           |   109 |    85 |   427 |     4 ||   625
Throw: Tomahawk          |       |     2 |       |       ||     2
  Use: Potion            |     2 |     2 |     4 |       ||     8
       Scroll            |       |       |    15 |     2 ||    17
  Eat: Ration            |     1 |     1 |     4 |       ||     6
       Chunk             |       |     1 |     6 |       ||     7
Armor: Leather armour    |    14 |       |       |       ||    14
       Ring mail         |    21 |       |       |       ||    21
       Scale mail        |    20 |       |       |       ||    20
       Chain mail        |    11 |    38 |   185 |     1 ||   235
Dodge: Dodged            |   124 |    32 |   187 |     3 ||   346

Table legend:
 A = Spawn XP
 B = Non-spawn XP
 C = Spawn XP percentage of total XP
 D = Spawn monster count
 E = Non-spawn monster count
 F = Spawn count percentage of total count
 G = Total turns spent on level
                    A         B        C        D         E        F      G
               +---------+---------+-------+---------+---------+-------+---------
         Total |       0 |    4697 |   0.0 |       0 |     156 |   0.0 |  8796
               +---------+---------+-------+---------+---------+-------+---------
           D:1 |       0 |      16 |   0.0 |       0 |      13 |   0.0 |   813
           D:2 |       0 |      30 |   0.0 |       0 |      13 |   0.0 |  1068
           D:3 |       0 |     209 |   0.0 |       0 |      20 |   0.0 |  1006
           D:4 |       0 |     619 |   0.0 |       0 |      12 |   0.0 |  1023
           D:5 |       0 |     811 |   0.0 |       0 |      41 |   0.0 |  1710
           D:6 |       0 |     777 |   0.0 |       0 |      18 |   0.0 |   884
           D:7 |       0 |    1170 |   0.0 |       0 |      23 |   0.0 |  1905
           D:8 |       0 |    1065 |   0.0 |       0 |      16 |   0.0 |   387
               +---------+---------+-------+---------+---------+-------+---------
